 Dungeon Sprint DCSS version 0.30-a0-528-g8c47a4955b (webtiles) character file.

Game seed: 13041362498789918305

254 JoshKwa the Basher (level 5, -5/57 HPs)
             Began as a Minotaur Berserker on Dec 23, 2022.
             Was an Elder of Trog.
             Slain by a two-headed ogre
             ... wielding a +0 giant club
              (25 damage)
             ... in the Dungeon (Sprint IX: "|||||||||||||||||||||||||||||").
             The game lasted 00:00:56 (536 turns).

JoshKwa the Basher (Minotaur Berserker)              Turns: 536, Time: 00:00:56

Health: -5/57      AC:  2    Str: 23    XL:     5   Next: 90%
Magic:  4/4        EV: 13    Int:  4    God:    Trog [****..]
Gold:   0          SH:  0    Dex: 10    Spells: 4/4 levels left

rFire   . . .      SeeInvis .    a - +0 mace
rCold   . . .      Faith    .    (no shield)
rNeg    . . .      Spirit   .    b - +0 animal skin
rPois   .          Reflect  .    (helmet restricted)
rElec   .          Harm     .    (no cloak)
rCorr   .          Rampage  .    (no gloves)
Will    .....      NoTele   +    (no boots)
Stlth   ++                       (no amulet)
HPRegen 0.29/turn                (no ring)
MPRegen 0.09/turn                (no ring)

@: hasted, very quick
A: horns 2, retaliatory headbutt
a: Renounce Religion, Berserk, Trog's Hand, Brothers in Arms


You were in the Dungeon.
You worshipped Trog.
Trog was greatly pleased with you.
You visited 1 branch

Inventory:

Hand Weapons
 a - a +0 mace (weapon)
Armour
 b - a +0 animal skin (worn)
Jewellery
 j - a +3 ring of dexterity
 k - a +2 ring of evasion
Wands
 i - a wand of quicksilver (9)
Scrolls
 h - 2 scrolls of blinking
Potions
 c - a potion of invisibility
 d - 2 potions of heal wounds
 f - 4 potions of magic
 g - 4 potions of curing


   Skills:
 + Level 9.1 Fighting
 + Level 10.2 Maces & Flails
 + Level 4.9 Armour
 + Level 5.1 Dodging
 + Level 1.9 Stealth


You had 4 spell levels left.
You didn't know any spells.
Your spell library was empty.

Dungeon Overview and Level Annotations

Branches:
Dungeon (1/1)

Altars:
Cheibriados
Dithmenos
Elyvilon
Fedhas
Gozag
Hepliaklqana
Kikubaaqudgha
Makhleb
Nemelex Xobeh
Okawaru
Qazlal
Ru
Sif Muna
Trog
Uskayaw
Vehumet
Wu Jian
Xom
Yredelemnul
Zin
The Shining One
Jiyva
Lugonu


Innate Abilities, Weirdness & Mutations

You have a pair of horns on your head.
You reflexively headbutt those who attack you in melee.


Message History

The shadow flickers and vanishes!
Deactivating autopickup; reactivate with Ctrl-A.
You hit the two-headed ogre.
The two-headed ogre is lightly wounded.
The two-headed ogre hits you with a +0 giant club!!
The two-headed ogre closely misses you.
The two-headed ogre attacks as you move away!
The two-headed ogre misses you. You furiously retaliate!
You headbutt the two-headed ogre! The two-headed ogre misses you.
You see here a +1 chain mail.
You see here a +0 pair of gloves.
Okay, then.
Hit: a) +0 mace
Press: ? - help, Dir - move target, f - you
Okay, then.
Aiming: Quicksilver Bolt
Press: ? - help, Shift-Dir - straight line, f - two-headed ogre
Aim: a two-headed ogre, wielding two +0 giant clubs (moderately wounded, 86% to hit)
The bolt of dispelling energy hits the two-headed ogre!!
The two-headed ogre is heavily wounded.
The bolt of dispelling energy hits the killer bee!!
You kill the killer bee!
Trog accepts your kill.
You can now call in reinforcements.
The bolt of dispelling energy hits the orc warrior!
The orc warrior is moderately wounded.
The bolt of dispelling energy hits something!
Reactivating autopickup.
The shadow's magical effects unravel!
Your Fighting skill increases to level 9!
Your Maces & Flails skill increases to level 10!
Your Dodging skill increases to level 5!
You hit the two-headed ogre but do no damage.
The two-headed ogre is heavily wounded.
The two-headed ogre misses you. The two-headed ogre barely misses you.
You barely miss the two-headed ogre.
The two-headed ogre is heavily wounded.
You feel yourself speed up.
The two-headed ogre hits you with a +0 giant club!
The two-headed ogre hits you with a +0 giant club!!
You die...

▓_▓
▓_▓
▓'▓
▓.▓
▓?▓
▓)▓
▓.▓
▓[▓
▓@▓
▓O▓
▓o▓
▓.▓
▓W▓
▓O▓
▓c▓
▓.▓
▓.▓


You could see 2 two-headed ogres, an orc warrior, a shadow and a centaur.

Vanquished Creatures
  An ogre (D)
  A scorpion (D)
  A killer bee (D)
  2 jellies (D)
  An ufetubus (D)
  A giant cockroach (D)
  A hobgoblin (D)
  A jackal (D)
  2 rats (D)
11 creatures vanquished.

Notes
Turn   | Place    | Note
-------+----------+-------------------------------------------
     0 | D        | JoshKwa the Minotaur Berserker began the quest for the Orb.
     0 | D        | Reached XP level 1. HP: 19/19 MP: 0/0
     6 | D        | Reached skill level 4 in Maces & Flails
    10 | D        | Reached ** piety under Trog
   212 | D        | Noticed a jelly
   212 | D        | Noticed a jelly
   212 | D        | Noticed a scorpion
   212 | D        | Noticed an ogre
   219 | D        | Killed a jelly
   220 | D        | Reached skill level 5 in Fighting
   220 | D        | Reached skill level 6 in Maces & Flails
   220 | D        | Reached XP level 2. HP: 30/30 MP: 1/1
   220 | D        | Reached XP level 3. HP: 37/37 MP: 2/2
   220 | D        | Reached *** piety under Trog
   221 | D        | Reached skill level 1 in Stealth
   223 | D        | Killed a scorpion
   224 | D        | Reached skill level 8 in Maces & Flails
   224 | D        | Reached XP level 4. HP: 41/47 MP: 3/3
   225 | D        | Killed an ogre
   226 | D        | Reached skill level 9 in Maces & Flails
   226 | D        | Reached XP level 5. HP: 49/56 MP: 4/4
   227 | D        | Reached **** piety under Trog
   486 | D        | Found a snail-covered altar of Cheibriados.
   486 | D        | Found a shadowy altar of Dithmenos.
   486 | D        | Found a white marble altar of Elyvilon.
   486 | D        | Found a blossoming altar of Fedhas.
   486 | D        | Found an opulent altar of Gozag.
   487 | D        | Found a hazy altar of Hepliaklqana.
   488 | D        | Found a viscous altar of Jiyva.
   489 | D        | Found an ancient bone altar of Kikubaaqudgha.
   490 | D        | Found a corrupted altar of Lugonu.
   491 | D        | Found a burning altar of Makhleb.
   492 | D        | Found a sparkling altar of Nemelex Xobeh.
   493 | D        | Found an iron altar of Okawaru.
   494 | D        | Found a stormy altar of Qazlal.
   495 | D        | Found a sacrificial altar of Ru.
   496 | D        | Found a shimmering blue altar of Sif Muna.
   497 | D        | Found a bloodstained altar of Trog.
   498 | D        | Found a hide-covered altar of Uskayaw.
   499 | D        | Found a radiant altar of Vehumet.
   500 | D        | Found an ornate altar of the Wu Jian Council.
   501 | D        | Found a shimmering altar of Xom.
   502 | D        | Found a basalt altar of Yredelemnul.
   503 | D        | Found a glowing silver altar of Zin.
   504 | D        | Found a glowing golden altar of the Shining One.
   512 | D        | Found the +9 sword of Zonguldrok {reap}
   528 | D        | Noticed a two-headed ogre
   528 | D        | Noticed an orc warrior
   528 | D        | Noticed a shadow
   528 | D        | Noticed a centaur
   528 | D        | Noticed a two-headed ogre
   534 | D        | Reached skill level 10 in Maces & Flails
   534 | D        | Reached skill level 5 in Dodging
   536 | D        | Slain by a two-headed ogre

Illustrated notes

Levels and vault maps discovered:
D:        linesprint [early_d, line_temple, items_1, d_10, items_2, lair_1,
          lair_end, items_3, orc_1, orc_end, items_4, d_15, swamp_1, shoals_1,
          snake_1, spider_1, d_20, vaults_1, items_5, swamp_end, shoals_end,
          snake_end, spider_end, vaults_end, d_27, items_6, zot_1, zot_end,
          crypt_end, forest_end, elf_end, slime_end, tomb_end, abyss_end,
          pan_hell_end]

Skill      XL: |  1  2  3  4  5 |
---------------+----------------+-----
Fighting       | 5 7 8 9 |  9.1
Maces & Flails | 6 8 9 10 | 10.2
Armour         | 3 4 |  4.9
Dodging        | 3 4 5 |  5.1
Stealth        | 1 |  1.9

Action                   |  1- 3 |  4- 6 || total
-------------------------+-------+-------++-------
Melee: Mace              |    18 |     7 ||    25
       Headbutt          |     4 |     1 ||     5
Evoke: Wand              |       |     1 ||     1
  Use: Potion            |     3 |     1 ||     4
Armor: Animal skin       |     3 |       ||     3
Dodge: Dodged            |    11 |     7 ||    18

Table legend: (Time is in decaauts)
 A = Elapsed time spent in this place.
 B = Non-inter-level travel time spent in this place.
 C = Inter-level travel time spent in this place.
 D = Time resting spent in this place.
 E = Time spent auto-exploring this place.
 F = Levels seen in this place.
 G = Mean time per level.
                   A        B        C        D        E       F      G
               +--------+--------+--------+--------+--------+-----+--------+
         Total |    548 |    548 |      0 |    454 |      0 |   1 |  548.0 |
       Dungeon |    548 |    548 |      0 |    454 |      0 |   1 |  548.0 |
               +--------+--------+--------+--------+--------+-----+--------+

Top non-repeatable levels by time:
       D: 548 daAuts
